 Dungeon Crawl Stone Soup version 0.29-a0-352-g0917bc69df (console) character file.

Game seed: 1259433697660969242

32512 jejorda2 the Blocker (level 13, -13/93 HPs)
             Began as a Merfolk Berserker on Apr 24, 2022.
             Was an Elder of Trog.
             Mangled by a boulder beetle (54 damage)
             ... on level 11 of the Dungeon.
             The game lasted 00:56:49 (16949 turns).

jejorda2 the Blocker (Merfolk Berserker)           Turns: 16949, Time: 00:56:49

Health: -13/93     AC: 20    Str: 17    XL:     13   Next: 65%
Magic:  6/13       EV:  9    Int:  8    God:    Trog [****..]
Gold:   918        SH: 16    Dex: 23    Spells: 12/12 levels left

rFire   + . .      SeeInvis .   a - +1 demon blade {flame, rF+ rN+}
rCold   + . .      Faith    .   E - +2 kite shield
rNeg    + . .      Spirit   .   I - +3 chain mail
rPois   .          Reflect  .   A - +0 helmet
rElec   .          Harm     .   f - +2 cloak
rCorr   .          Rampage  .   D - +2 pair of gloves
Will    ++...                   (no boots)
Stlth   ..........              (no amulet)
HPRegen 1.25/turn               o - +6 ring of dexterity
MPRegen 0.13/turn               d - ring of protection from cold

@: strong-willed (expiring), on berserk cooldown, regenerating (expiring),
slowed, very slow
A: (nimble swimmer 2), mertail
a: Renounce Religion, Berserk, Trog's Hand, Brothers in Arms


You were on level 11 of the Dungeon.
You worshipped Trog.
Trog was greatly pleased with you.
You visited 1 branch of the dungeon, and saw 11 of its levels.
You also visited: Ossuary and Bailey.

You collected 918 gold pieces.

Inventory:

Hand Weapons
 a - the +1 demon blade of the Mind (weapon) {flame, rF+ rN+}
   (You acquired it in a bailey)

   It burns those it strikes, dealing additional fire damage.
   Big, fiery blades are also staple armaments of hydra-hunters.
   rF:        It protects you from fire.
   rN:        It protects you from negative energy.
 P - a +2 antimagic short sword
Missiles
 e - 339 stones
 h - 6 javelins
 y - a throwing net
 z - a boomerang of dispersal
 H - 8 boomerangs
 M - 10 atropa-tipped darts
 O - 13 poisoned darts (quivered)
Armour
 f - a +2 cloak (worn)
 A - a +0 helmet (worn)
 C - a +1 chain mail of cold resistance
 D - a +2 pair of gloves (worn)
 E - a +2 kite shield (worn)
 I - a +3 chain mail (worn)
Jewellery
 b - a ring of positive energy
 d - a ring of protection from cold (right hand)
 m - a ring of poison resistance
 o - a +6 ring of dexterity (left hand)
 v - a ring of protection from cold
Wands
 c - a wand of iceblast (1)
 r - a wand of flame (15)
 J - a wand of mindburst (12)
 L - a wand of paralysis (3)
Scrolls
 j - 9 scrolls of enchant weapon
 k - 4 scrolls of magic mapping
 l - 7 scrolls of immolation
 u - 3 scrolls of blinking
 w - a scroll of fear
 B - 9 scrolls of teleportation
 F - 2 scrolls of fog
 R - a scroll of enchant armour
Potions
 g - 4 potions of heal wounds
 i - 6 potions of curing
 n - 2 potions of berserk rage
 p - 3 potions of haste
 q - 2 potions of cancellation
 s - 3 potions of flight
 t - 2 potions of attraction
 x - a potion of ambrosia
 G - 2 potions of mutation
 K - 3 potions of might


   Skills:
 - Level 6.0 Fighting
 - Level 11.1(13.4) Short Blades
 - Level 12.2(14.0) Long Blades
 + Level 6.3 Throwing
 - Level 6.0 Armour
 - Level 6.0 Dodging
 - Level 3.0 Stealth
 * Level 13.2 Shields
 - Level 6.0 Evocations


You had 12 spell levels left.
You didn't know any spells.
Your spell library was empty.

Dungeon Overview and Level Annotations

Branches:
Dungeon (11/15)            Temple (0/1) D:5            Lair (0/6) D:11
    Orc (0/2) D:10        Ossuary (visited)          Bailey (visited)

Altars:
Yredelemnul


Innate Abilities, Weirdness & Mutations

((You are very nimble when in or above water. (Stealth+, EV+, Speed+++)))
Your lower body shifts to a powerful aquatic tail in water.


Message History

* * * LOW HITPOINT WARNING * * *
You block the boulder beetle's attack.
You hit the boulder beetle. You burn the boulder beetle.
The boulder beetle is heavily wounded.
You block the boulder beetle's attack.
You slash the boulder beetle! You burn the boulder beetle.
The boulder beetle is severely wounded.
You block the boulder beetle's attack.
You hit the boulder beetle but do no damage.
The boulder beetle is severely wounded.
The boulder beetle leaps!
Throw: 11 darts (atropa)
Press: ? - help, Shift-Dir - straight line, f - boulder beetle
Aim: a boulder beetle (91% to hit, chance to blind on hit: 3%)
You throw an atropa-tipped dart.
The atropa-tipped dart barely misses the boulder beetle.
You're still recovering from your berserk rage.
You hit the boulder beetle but do no damage.
The boulder beetle bites you but does no damage.
You hit the boulder beetle. You burn the boulder beetle.
The boulder beetle is lightly wounded.
You block the boulder beetle's attack. The boulder beetle closely misses you.
You hit the boulder beetle. You burn the boulder beetle.
The boulder beetle is lightly wounded.
The boulder beetle bites you but does no damage.
You barely miss the boulder beetle.
The boulder beetle is lightly wounded.
The boulder beetle attacks as you move away!
You block the boulder beetle's attack. The boulder beetle bites you.
The boulder beetle attacks as you move away!
The boulder beetle bites you but does no damage.
The boulder beetle attacks as you move away!
You block the boulder beetle's attack.
The boulder beetle attacks as you move away!
You block the boulder beetle's attack.
You feel the effects of Trog's Hand fading.
The boulder beetle curls into a ball and begins rolling!
The boulder beetle hits you!!!
Ouch! That really hurt!
You die...

#### #####>#####
#####.# ### .♣♣ ###
♣♣♣♣♣♣♣.♣♣♣♣♣ ..♣# ♣..
#♣.......♣.♣.. ...#
♣..♣♣♣♣ #..≈≈≈.♣.♣.♣.≈
..♣# ♣..♣♣..♣♣
#♣.♣..♣♣....≈≈ .♣♣
♣..♣♣..○.♣♣
♣...♣♣♣.♣♣... ###
♣♣..♣♣(♣♣♣○.♣♣ #####
♣.♣♣###
..♣#♣..♣♣)#.♣♣♣BB♣♣
♣♣.♣♣ ♣.♣ ♣♣.
♣♣♣#..♣♣..
B°♣♣♣@B♣#♣.♣.♣♣♣.♣♣♣.♣
......♣♣#(
B#♣♣♣...#.♣♣♣.♣♣.♣♣.♣♣
♣♣♣#♣..♣## ##♣♣..♣♣#♣♣
♣♣.♣.♣.♣♣ ..♣ ♣♣..♣#
♣♣..♣♣ ♣♣...♣♣ ###
♣♣..♣♣♣♣..♣♣
######♣♣.♣♣### .♣♣
♣♣..♣♣..♣♣
#...♣.......♣. ♣.♣#
♣♣....♣♣
#.♣.♣.♣.♣.♣.♣. ♣♣.#
♣♣..♣♣ #.♣.♣.♣.♣[♣.♣.
♣.♣# ♣♣.♣
#♣♣.♣.♣.♣[♣.♣÷


You could see 3 boulder beetles.

Vanquished Creatures
  A frost giant (D:11)
  A stone giant (D:11)
  A fire dragon (D:11)
  A hydra (D:11)
  3 boulder beetles (D:11)
  4 two-headed ogres
  A centaur warrior (D:11)
  6 hell knights (D:10)
  A fire crab (D:11)
  A skeletal warrior (D:11)
  Pikel (D:8)
  An orc knight (Bailey)
  A necromancer (D:10)
  A deep elf pyromancer (D:11)
  2 cyclopes (D:11)
  A gargoyle (D:11)
  A komodo dragon (D:10)
  An efreet (D:11)
  2 kobold demonologists
  3 meliai (D:9)
  3 hornets
  5 trolls
  Prince Ribbit (D:6)
  4 slime creatures (D:11)
  4 shadows
  3 wraiths
  A wyvern (D:11)
  2 vampires
  12 yaks
  Grum (D:8)
  A basilisk (D:11)
  A steam dragon (D:7)
  2 vampire mosquitoes (D:11)
  Edmund (D:4)
  A warg (D:10)
  Duvessa (D:6)
  4 acid dragons
  7 hell hounds (D:10)
  A meliai simulacrum (D:10)
  An ice beast (D:7)
  15 orc warriors
  2 ogres
  A black bear (D:7)
  4 wolves (D:8)
  8 centaurs
  2 kobold brigands (D:10)
  A phantom (D:4)
  4 elf zombies (Ossuary)
  3 lemures (D:8)
  2 bullfrogs (D:8)
  3 gnoll sergeants
  2 necrophages
  Dowan (D:6)
  13 killer bees
  A howler monkey (D:5)
  3 jellies
  2 hounds
  15 orc priests
  Crazy Yiuf (D:7)
  A human zombie (Ossuary)
  2 gnoll shamans
  4 iguanas
  8 orc wizards
  A hound zombie (Ossuary)
  3 mummies (Ossuary)
  25 gnolls
  4 adders
  A white imp (D:6)
  An ufetubus (D:6)
  4 adder zombies (Ossuary)
  2 worms
  A dart slug (D:1)
  41 orcs
  2 bats (D:1)
  7 endoplasms
  8 giant cockroaches
  3 gnoll zombies (Ossuary)
  20 goblins
  20 hobgoblins
  A quokka (D:5)
  8 ball pythons
  4 goblin zombies (Ossuary)
  6 hobgoblin zombies (Ossuary)
  2 jackal zombies (Ossuary)
  6 kobolds
  3 kobold zombies (Ossuary)
  2 quokka zombies (Ossuary)
  5 rats
  6 rat zombies (Ossuary)
374 creatures vanquished.

Vanquished Creatures (collateral kills)
  An orc warlord (Bailey)
  A two-headed ogre (D:11)
  A necromancer (D:10)
  A cyclops (D:11)
  An orc warrior (Bailey)
  An orc (Bailey)
  A goblin (Bailey)
7 creatures vanquished.

Vanquished Creatures (others)
  A deep elf archer (D:11)
  A komodo dragon (shapeshifter) (D:11)
  A vampire (D:11)
  An orc wizard (D:11)
  2 orcs
  26 plants
32 creatures vanquished.

Grand Total: 413 creatures vanquished

Notes
Turn   | Place    | Note
-------+----------+-------------------------------------------
     0 | D:1      | jejorda2 the Merfolk Berserker began the quest for the Orb.
     0 | D:1      | Reached XP level 1. HP: 18/18 MP: 1/1
   129 | D:1      | Reached XP level 2. HP: 24/24 MP: 2/2
  1043 | D:2      | Reached XP level 3. HP: 29/29 MP: 3/3
  1739 | D:2      | Reached ** piety under Trog
  2244 | D:3      | Reached XP level 4. HP: 36/37 MP: 4/4
  2317 | D:3      | Reached skill level 5 in Long Blades
  2710 | D:3      | Noticed an ogre
  2718 | D:3      | Killed an ogre
  2719 | D:3      | Reached XP level 5. HP: 42/42 MP: 5/5
  2932 | D:4      | Noticed a phantom
  2946 | D:4      | Killed a phantom
  2947 | D:4      | Reached skill level 1 in Short Blades
  2947 | D:4      | Reached XP level 6. HP: 49/49 MP: 6/6
  3014 | D:4      | Identified the +1 leather armour of Patience {Str+6 Dex+3
                  | SInv}
  3250 | D:4      | Noticed Edmund
  3260 | D:4      | Killed Edmund
  3762 | D:4      | Found a basalt altar of Yredelemnul.
  3876 | D:5      | Entered Level 5 of the Dungeon
  4079 | D:5      | Reached skill level 5 in Fighting
  4103 | D:5      | Reached XP level 7. HP: 45/56 MP: 7/7
  4108 | D:5      | Found a staircase to the Ecumenical Temple.
  4585 | D:6      | Reached *** piety under Trog
  4613 | D:6      | Found a sand-covered staircase.
  4640 | Ossuary  | Entered an ossuary
  4730 | Ossuary  | Reached XP level 8. HP: 55/64 MP: 8/8
  5314 | Ossuary  | Reached **** piety under Trog
  5598 | D:6      | Reached skill level 5 in Short Blades
  5715 | D:6      | Noticed Duvessa
  5725 | D:6      | Noticed Dowan
  5732 | D:6      | Killed Duvessa
  5739 | D:6      | Killed Dowan
  5819 | D:6      | Noticed Prince Ribbit
  5839 | D:6      | Killed Prince Ribbit
  6061 | D:7      | Reached XP level 9. HP: 69/69 MP: 9/9
  6546 | D:7      | Reached skill level 5 in Armour
  6875 | D:7      | Found a runed translucent door.
  6882 | D:7      | Noticed Crazy Yiuf
  6892 | D:7      | Killed Crazy Yiuf
  7084 | D:7      | Reached skill level 10 in Long Blades
  7701 | D:8      | Noticed Grum
  7721 | D:8      | Reached XP level 10. HP: 69/76 MP: 10/10
  7749 | D:8      | Noticed Pikel
  7781 | D:8      | Killed Grum
  7789 | D:8      | Killed Pikel
  8475 | D:8      | Reached skill level 1 in Stealth
  8567 | D:8      | Noticed a two-headed ogre
  8571 | D:8      | Killed a two-headed ogre
  8948 | D:9      | Reached skill level 1 in Shields
  8953 | D:9      | Reached ***** piety under Trog
  8985 | D:9      | Found a flagged portal.
  9001 | D:9      | Reached skill level 2 in Shields
  9014 | D:9      | Reached skill level 3 in Shields
  9056 | Bailey   | Entered a bailey
  9185 | Bailey   | Reached skill level 10 in Short Blades
  9232 | Bailey   | Reached XP level 11. HP: 81/81 MP: 11/11
  9240 | Bailey   | Reached skill level 4 in Shields
  9251 | Bailey   | Noticed an orc warlord
  9516 | Bailey   | Killed an orc warlord
  9517 | Bailey   | Reached skill level 5 in Shields
  9561 | Bailey   | Noticed an orc knight
  9576 | Bailey   | Killed an orc knight
  9716 | Bailey   | Acquired the +1 demon blade of the Mind {flame, rF+ rN+}
  9859 | D:9      | Noticed a two-headed ogre
  9871 | D:9      | Killed a two-headed ogre
 10068 | D:9      | Reached skill level 1 in Evocations
 10303 | D:9      | Reached skill level 6 in Shields
 10643 | D:10     | Entered Level 10 of the Dungeon
 11180 | D:10     | Found a staircase to the Orcish Mines.
 11212 | D:10     | Reached skill level 7 in Shields
 11588 | D:10     | Reached skill level 5 in Dodging
 12205 | D:10     | Noticed a hell knight
 12217 | D:10     | Killed a hell knight
 12218 | D:10     | Reached XP level 12. HP: 88/88 MP: 12/12
 12282 | D:10     | Noticed a hell knight
 12284 | D:10     | Reached skill level 8 in Shields
 12284 | D:10     | Noticed a hell knight
 12286 | D:10     | Killed a hell knight
 12288 | D:10     | Noticed a hell knight
 12295 | D:10     | Killed a hell knight
 12303 | D:10     | Killed a hell knight
 12313 | D:10     | Noticed a hell knight
 12320 | D:10     | Reached skill level 9 in Shields
 12339 | D:10     | Killed a hell knight
 12340 | D:10     | Reached skill level 5 in Evocations
 12599 | D:10     | Noticed a hell knight
 12666 | D:10     | Killed a hell knight
 12989 | D:11     | Reached skill level 1 in Throwing
 13398 | D:11     | Noticed a two-headed ogre
 13403 | D:11     | Killed a two-headed ogre
 13404 | D:11     | Reached skill level 10 in Shields
 13404 | D:11     | Noticed a two-headed ogre
 13411 | D:11     | Killed a two-headed ogre
 13656 | D:11     | Noticed a six-headed hydra
 13666 | D:11     | Killed a one-headed hydra
 13766 | D:11     | Noticed a boulder beetle
 13777 | D:11     | Killed a boulder beetle
 13865 | D:11     | Received a gift from Trog
 14069 | D:11     | Found a staircase to the Lair.
 14267 | D:11     | Reached skill level 11 in Shields
 14935 | D:11     | Noticed a boulder beetle
 14942 | D:11     | Reached XP level 13. HP: 93/93 MP: 13/13
 15242 | D:11     | Reached skill level 12 in Shields
 15246 | D:11     | Noticed a fire dragon
 15266 | D:11     | Reached skill level 5 in Throwing
 16643 | D:11     | Killed a fire dragon
 16898 | D:11     | Noticed a frost giant
 16903 | D:11     | Noticed a stone giant
 16913 | D:11     | Killed a stone giant
 16914 | D:11     | Reached skill level 13 in Shields
 16924 | D:11     | Killed a frost giant
 16949 | D:11     | Mangled by a boulder beetle

Illustrated notes

Levels and vault maps discovered:
D:1:      dpeg_arrival_boxorama, layout_rooms
D:2:      layout_basic
D:3:      layout_loops_ring
D:4:      layout_loops_corners, mainiacjoe_overflow_alcove_1, uniq_edmund
D:5:      layout_gridville, minmay_temple_entry_proselytizer
D:6:      layout_cave_pods, chequers_ossuary_entry_cave, uniq_prince_ribbit1,
          uniq_duvessa
D:7:      layout_basic, nicolae_grassy_gnolls, uniq_crazy_yiuf_cottage
D:8:      layout_basic, hangedman_decor_points, uniq_grum, uniq_pikel
D:9:      layout_basic, enter_bailey_5, dk_vineyard_1
D:10:     layout_basic, david_orc_1_choice, minmay_rotating_lava
D:11:     nzn_winding_woodlands_huge [nzn_winding_woodlands_5x15_twine,
          nzn_winding_woodlands_5x15_default, nzn_winding_woodlands_5x15_garden,
          nzn_winding_woodlands_5x15_sidewinder,
          nzn_winding_woodlands_5x15_sawtooth,
          nzn_winding_woodlands_5x15_pathside_ponds,
          nzn_winding_woodlands_5x15_lazy_stream,
          nzn_winding_woodlands_5x15_eye,
          nzn_winding_woodlands_5x15_split_checker,
          nzn_winding_woodlands_5x15_parted,
          nzn_winding_woodlands_center_pierced_h,
          nzn_winding_woodlands_center_diamonds,
          nzn_winding_woodlands_15x15_thick_spiral], layout_basic,
          lair_entry_dummy

Skill      XL: |  1  2  3  4  5  6  7  8  9 10 11 12 13 |
---------------+----------------------------------------+-----
Long Blades    | 4 5 6 7 8 11 12 | 12.2
Armour         | 2 3 4 5 6 |  6.0
Fighting       | 4 5 6 |  6.0
Short Blades   | 1 2 3 6 7 10 11 | 11.1
Stealth        | 3 |  3.0
Shields        | 3 7 11 13 | 13.2
Dodging        | 5 6 |  6.0
Evocations     | 3 6 |  6.0
Throwing       | 3 6 |  6.3

Action                   |  1- 3 |  4- 6 |  7- 9 | 10-12 | 13-15 || total
-------------------------+-------+-------+-------+-------+-------++-------
Melee: Dagger            |    67 |    29 |       |       |       ||    96
       Falchion          |     6 |    10 |       |       |       ||    16
       Punch             |     1 |     4 |     9 |     4 |       ||    18
       Rapier            |       |    42 |   431 |   282 |       ||   755
       Demon blade       |       |       |       |   354 |   177 ||   531
       Long sword        |       |       |       |    29 |       ||    29
       Short sword       |       |       |       |       |     4 ||     4
Throw: Stone             |    81 |    25 |   100 |    67 |       ||   273
       Javelin           |       |       |       |     2 |     2 ||     4
       Dart              |       |       |       |     5 |    15 ||    20
       Throwing net      |       |       |       |       |     1 ||     1
Invok: Berserk           |       |     3 |     7 |    13 |     3 ||    26
       Trog's Hand       |       |       |       |     5 |     3 ||     8
       Brothers in Arms  |       |       |       |     2 |     2 ||     4
Evoke: Wand              |       |       |       |     8 |       ||     8
  Use: Scroll            |       |       |    16 |    14 |     2 ||    32
       Potion            |       |       |       |     7 |     1 ||     8
 Stab: Sleeping          |       |     1 |     2 |     1 |       ||     4
       Held in net/web   |       |       |       |       |     2 ||     2
Armor: Animal skin       |    12 |       |       |       |       ||    12
       Chain mail        |    10 |    10 |       |   119 |    59 ||   198
       Leather armour    |       |     8 |   105 |    50 |       ||   163
Dodge: Dodged            |    26 |    26 |   220 |   192 |    46 ||   510
Block: Kite shield       |       |       |       |   179 |   104 ||   283

Table legend: (Time is in decaauts)
 A = Elapsed time spent in this place.
 B = Non-inter-level travel time spent in this place.
 C = Inter-level travel time spent in this place.
 D = Time resting spent in this place.
 E = Time spent auto-exploring this place.
 F = Levels seen in this place.
 G = Mean time per level.
                   A        B        C        D        E       F      G
               +--------+--------+--------+--------+--------+-----+--------+
         Total |  16823 |  16083 |    740 |   1914 |  11145 |  13 | 1294.1 |
       Dungeon |  15420 |  14680 |    740 |   1749 |  10471 |  11 | 1401.8 |
       Ossuary |    683 |    683 |      0 |      0 |    408 |   1 |  683.0 |
        Bailey |    719 |    719 |      0 |    165 |    266 |   1 |  719.0 |
               +--------+--------+--------+--------+--------+-----+--------+

Top non-repeatable levels by time:
    D:11: 3692 daAuts
    D:10: 2434 daAuts
     D:8: 1391 daAuts
     D:7: 1369 daAuts
     D:9: 1144 daAuts
     D:2: 1110 daAuts
     D:3: 975 daAuts
     D:4: 919 daAuts
     D:1: 890 daAuts
     D:5: 830 daAuts
  Bailey: 719 daAuts
 Ossuary: 683 daAuts
     D:6: 662 daAuts
